ORI
UNIVERSITY OF GEORGIA BULLDOGS @ UNIVERSITY OF NEBRASKA CORNHUSKERS
08/15/2044
 
TOP OF THE 1ST
University of Georgia Bulldogs batting - Pitching for University of Nebraska Cornhuskers : RHP Marcus Reiling
Pitching: RHP Marcus Reiling
Batting: RHB Janne Vihko 0-0: Ball
1-0: Ground out 6-3 (Groundball, 6, EV 83.1 MPH)
Batting: RHB Giorgi Bezhanishvili 0-0: SINGLE (Groundball, 6MS, EV 66.3 MPH) (infield hit)
Batting: RHB Terry Oetker 0-0: Ball
1-0: Grounds into double play, 6-4-3 (Groundball, 6, EV 80.6 MPH)
Top of the 1st over - 0 runs, 1 hit, 0 errors, 0 left on base; University of Georgia 0 - University of Nebraska 0
BOTTOM OF THE 1ST
University of Nebraska Cornhuskers batting - Pitching for University of Georgia Bulldogs : RHP Andy Wolverton
Pitching: RHP Andy Wolverton
Batting: RHB Juan Ordonez 0-0: Called Strike
0-1: Ground out 4-3 (Groundball, 4, EV 100.0 MPH)
Batting: RHB Quan Tai 0-0: Ball
1-0: Ground out 6-3 (Groundball, 6, EV 84.4 MPH)
Batting: RHB Kekoa Kahele 0-0: Fly out, F8 (Flyball, 8RXD, EV 98.1 MPH)
Bottom of the 1st over - 0 runs, 0 hits, 0 errors, 0 left on base; University of Georgia 0 - University of Nebraska 0
TOP OF THE 2ND
University of Georgia Bulldogs batting - Pitching for University of Nebraska Cornhuskers : RHP Marcus Reiling
Batting: RHB Juan Gallegos 0-0: Ball
1-0: Called Strike
1-1: Ball
2-1: Called Strike
2-2: Ball
3-2: Fly out, F6 (Line Drive, 6, EV 65.6 MPH)
Batting: RHB Pedro Gonzalez 0-0: Ground out 5-3 (Groundball, 56S, EV 90.0 MPH)
Batting: RHB Armando Ramirez 0-0: Ball
1-0: Foul Ball, location: 2F
1-1: Fly out, F4 (Flyball, 3D, EV 95.0 MPH)
Top of the 2nd over - 0 runs, 0 hits, 0 errors, 0 left on base; University of Georgia 0 - University of Nebraska 0
BOTTOM OF THE 2ND
University of Nebraska Cornhuskers batting - Pitching for University of Georgia Bulldogs : RHP Andy Wolverton
Batting: SHB Karl Starnes 0-0: Ball
1-0: Swinging Strike
1-1: Swinging Strike
1-2: Ball
2-2: Strikes out swinging
Batting: RHB Doug Thornsberry 0-0: Ball
1-0: Ground out 4-3 (Groundball, 4, EV 80.0 MPH)
Batting: SHB Jim Lloyd 0-0: Ball
1-0: Ball
2-0: SINGLE (Groundball, 6MD, EV 95.6 MPH)
Batting: RHB Nate Henderson 0-0: Ball
1-0: 2-RUN HOME RUN (Flyball, 78XD, EV 103.1 MPH), Distance : 421 ft
Batting: RHB Alfredo Montero 0-0: Called Strike
0-1: Ball
1-1: Foul Ball, location: 2F
1-2: Foul Ball, location: 2F
1-2: Fly out, F7 (Flyball, 78XD, EV 100.0 MPH)
Bottom of the 2nd over - 2 runs, 2 hits, 0 errors, 0 left on base; University of Georgia 0 - University of Nebraska 2
TOP OF THE 3RD
University of Georgia Bulldogs batting - Pitching for University of Nebraska Cornhuskers : RHP Marcus Reiling
Batting: RHB Patrick Pinault 0-0: Ball
1-0: Ball
2-0: DOUBLE (Line Drive, 8LD, EV 108.1 MPH)
Batting: SHB Jack Tierney 0-0: Swinging Strike
0-1: Ball
1-1: Swinging Strike
1-2: Ball
2-2: DOUBLE (Flyball, 9LM, EV 105.6 MPH)
Patrick Pinault scores
Batting: RHB Mike Lassiter 0-0: Ball
1-0: Ball
2-0: Foul Ball, location: 2F
2-1: Foul Ball, location: 2F
2-2: Strikes out swinging
Batting: RHB Janne Vihko 0-0: Called Strike
0-1: Foul Ball, location: 2F
0-2: Foul Ball, location: 2F
0-2: SINGLE (Groundball, 6S, EV 74.4 MPH) (infield hit)
Jack Tierney to third
Batting: RHB Giorgi Bezhanishvili 0-0: Ball
1-0: Ball
2-0: Foul Ball, location: 2F
2-1: 3-RUN HOME RUN (Flyball, 7D, EV 96.3 MPH), Distance : 371 ft
Batting: RHB Terry Oetker 0-0: Called Strike
0-1: Swinging Strike
0-2: Foul Ball, location: 2F
0-2: SINGLE (Groundball, 6MD, EV 105.0 MPH)
Pitching: RHP Carlos Guerrero
Batting: RHB Juan Gallegos 0-0: Ball
1-0: Foul Ball, location: 2F
1-1: Ball
2-1: Ball
3-1: Base on Balls
Terry Oetker to second
Batting: RHB Pedro Gonzalez 0-0: Foul Ball, location: 2F
0-1: Ball
1-1: Ball
2-1: Ball
3-1: Base on Balls
Terry Oetker to third
Juan Gallegos to second
Batting: RHB Armando Ramirez 0-0: Swinging Strike
0-1: Foul Ball, location: 2F
0-2: Ball
1-2: Grounds into fielders choice 1-2 (Groundball, P, EV 68.8 MPH)
Juan Gallegos to third
Pedro Gonzalez to second
Batting: RHB Patrick Pinault 0-0: Foul Ball, location: 2F
0-1: Ball
1-1: Ball
2-1: Foul Ball, location: 2F
2-2: Ball
3-2: Foul Ball, location: 2F
3-2: Fly out, F5 (Popup, 5F, EV 56.3 MPH)
Top of the 3rd over - 4 runs, 5 hits, 0 errors, 3 left on base; University of Georgia 4 - University of Nebraska 2
BOTTOM OF THE 3RD
University of Nebraska Cornhuskers batting - Pitching for University of Georgia Bulldogs : RHP Andy Wolverton
Batting: RHB Mohammed bin Ubaida 0-0: Ball
1-0: Ball
2-0: DOUBLE (Groundball, 5L, EV 104.4 MPH)
Batting: RHB Juan Ordonez 0-0: Called Strike
0-1: SINGLE (Line Drive, 6MD, EV 103.8 MPH)
Mohammed bin Ubaida to third
Batting: RHB Quan Tai 0-0: Ball
1-0: Called Strike
1-1: Called Strike
Juan Ordonez steals 2nd base (no throw)
1-2: Ground out 6-3 (Groundball, 6, EV 90.6 MPH)
Mohammed bin Ubaida scores
Juan Ordonez to third
Batting: RHB Kekoa Kahele 0-0: Ball
1-0: SINGLE (Flyball, 8LS, EV 94.4 MPH)
Juan Ordonez scores
Batting: SHB Karl Starnes 0-0: Ball
1-0: Called Strike
1-1: Ball
2-1: Ball
3-1: Called Strike
3-2: Strikes out swinging
Batting: RHB Doug Thornsberry 0-0: Ball
1-0: Fielders Choice at 2nd, 6-4 (Groundball, 6, EV 80.0 MPH)
Bottom of the 3rd over - 2 runs, 3 hits, 0 errors, 1 left on base; University of Georgia 4 - University of Nebraska 4
TOP OF THE 4TH
University of Georgia Bulldogs batting - Pitching for University of Nebraska Cornhuskers : RHP Carlos Guerrero
Batting: SHB Jack Tierney 0-0: Called Strike
0-1: Ball
1-1: Ball
2-1: SINGLE (Flyball, 5D, EV 93.8 MPH)
Batting: RHB Mike Lassiter 0-0: Called Strike
0-1: Ball
1-1: Ball
2-1: Fly out, F7 (Flyball, 78M, EV 93.8 MPH)
Batting: RHB Janne Vihko 0-0: Foul Ball, location: 2F
0-1: Ball
1-1: Foul Ball, location: 2F
1-2: Foul Ball, location: 2F
1-2: Foul Ball, location: 2F
1-2: Foul Ball, location: 2F
1-2: Strikes out looking
Batting: RHB Giorgi Bezhanishvili 0-0: Ball
1-0: Foul Ball, location: 2F
1-1: Ball
2-1: Foul Ball, location: 2F
2-2: Foul Ball, location: 2F
2-2: Ball
3-2: Base on Balls
Jack Tierney to second
Batting: RHB Terry Oetker 0-0: Fly out, F7 (Flyball, 7LM, EV 100.0 MPH)
Top of the 4th over - 0 runs, 1 hit, 0 errors, 2 left on base; University of Georgia 4 - University of Nebraska 4
BOTTOM OF THE 4TH
University of Nebraska Cornhuskers batting - Pitching for University of Georgia Bulldogs : RHP Andy Wolverton
Batting: SHB Jim Lloyd 0-0: Ball
1-0: Called Strike
1-1: Ball
2-1: Foul Ball, location: 2F
2-2: Strikes out swinging
Batting: RHB Nate Henderson 0-0: Foul Ball, location: 2F
0-1: Called Strike
0-2: Ball
1-2: Ball
2-2: Ball
3-2: Fly out, F6 (Popup, 56D, EV 53.8 MPH)
Batting: RHB Alfredo Montero 0-0: Foul Ball, location: 2F
0-1: SINGLE (Groundball, 6MD, EV 108.1 MPH)
Batting: RHB Mohammed bin Ubaida 0-0: Ball
1-0: SINGLE (Groundball, 6MD, EV 98.1 MPH)
Alfredo Montero to second
Runner from 2nd tries for 3rd, SAFE, throw by CF made to third
Batting: RHB Juan Ordonez 0-0: Ball
1-0: Called Strike
1-1: Swinging Strike
1-2: Ball
Wild Pitch!
Alfredo Montero scores
Mohammed bin Ubaida to second
2-2: Strikes out swinging
Bottom of the 4th over - 1 run, 2 hits, 0 errors, 1 left on base; University of Georgia 4 - University of Nebraska 5
TOP OF THE 5TH
University of Georgia Bulldogs batting - Pitching for University of Nebraska Cornhuskers : RHP Carlos Guerrero
Batting: RHB Juan Gallegos 0-0: Ground out U3 (Groundball, 3, EV 85.6 MPH)
Pinch Hitting: SHB Javy Franco 0-0: Swinging Strike
0-1: Ball
1-1: Foul Ball, location: 2F
1-2: Fly out, F8 (Flyball, 8LXD, EV 98.8 MPH)
Pinch Hitting: RHB Minoru Matsumoto 0-0: Reached on error, E6 (Groundball, 6, EV 87.5 MPH)
Pinch Hitting: SHB Zack Flater 0-0: Ball
Minoru Matsumoto steals 2nd base
1-0: Ball
2-0: Ball
3-0: Called Strike
3-1: Called Strike
3-2: Fly out, F9 (Flyball, 9S, EV 85.0 MPH)
Top of the 5th over - 0 runs, 0 hits, 1 error, 1 left on base; University of Georgia 4 - University of Nebraska 5
BOTTOM OF THE 5TH
University of Nebraska Cornhuskers batting - Pitching for University of Georgia Bulldogs : RHP Andy Wolverton
Pitching: LHP Viet Phang
Now at 2B: Javy Franco
Now at 3B: Minoru Matsumoto
Now at SS: Tsugio Yamaguchi
Batting: RHB Quan Tai 0-0: Ball
1-0: Ball
2-0: Called Strike
2-1: Foul Ball, location: 2F
2-2: Ball
3-2: Fly out, F7 (Line Drive, 7, EV 93.1 MPH)
Batting: RHB Kekoa Kahele 0-0: Foul Ball, location: 2F
0-1: Ball
1-1: Foul Ball, location: 2F
1-2: Strikes out swinging
Batting: SHB Karl Starnes 0-0: Ball
1-0: Ball
2-0: Called Strike
2-1: Ball
3-1: Base on Balls
Batting: RHB Doug Thornsberry 0-0: Ball
1-0: Fly out, F8 (Flyball, 8LD, EV 100.0 MPH)
Bottom of the 5th over - 0 runs, 0 hits, 0 errors, 1 left on base; University of Georgia 4 - University of Nebraska 5
TOP OF THE 6TH
University of Georgia Bulldogs batting - Pitching for University of Nebraska Cornhuskers : RHP Carlos Guerrero
Batting: SHB Jack Tierney 0-0: Ball
1-0: SINGLE (Groundball, 34D, EV 104.4 MPH)
Pitching: RHP Adam McBride
Batting: RHB Mike Lassiter 0-0: Swinging Strike
0-1: Ball
1-1: Ball
2-1: Foul Ball, location: 2F
2-2: Strikes out swinging
Batting: RHB Janne Vihko 0-0: SINGLE (Groundball, 6D, EV 94.4 MPH)
Jack Tierney to second
Runner from 2nd tries for 3rd, OUT! 7-5
Now in LF: Juan Ordonez
Now in CF: Duda Pinho
Pinch Hitting: LHB William Pena 0-0: Called Strike
0-1: Ball
1-1: Ball
2-1: Ball
3-1: Base on Balls
Janne Vihko to second
Pinch Hitting: RHB Jeff Floyd 0-0: Ball
1-0: Swinging Strike
1-1: Fly out, F9 (Flyball, 9LM, EV 100.0 MPH)
Top of the 6th over - 0 runs, 2 hits, 0 errors, 2 left on base; University of Georgia 4 - University of Nebraska 5
BOTTOM OF THE 6TH
University of Nebraska Cornhuskers batting - Pitching for University of Georgia Bulldogs : LHP Viet Phang
Now at 1B: Jeff Floyd
Now in RF: William Pena
Batting: SHB Jim Lloyd 0-0: Ball
1-0: Fly out, F8 (Flyball, 8LD, EV 101.9 MPH)
Batting: RHB Nate Henderson 0-0: Swinging Strike
0-1: Swinging Strike
0-2: Ball
1-2: Strikes out swinging
Batting: RHB Alfredo Montero 0-0: Called Strike
0-1: Swinging Strike
0-2: Ball
1-2: SINGLE (Flyball, 9LS, EV 79.4 MPH)
Batting: RHB Mohammed bin Ubaida 0-0: Ball
1-0: Ball
2-0: Foul Ball, location: 2F
2-1: Fly out, F8 (Flyball, 8LS, EV 84.4 MPH)
Bottom of the 6th over - 0 runs, 1 hit, 0 errors, 1 left on base; University of Georgia 4 - University of Nebraska 5
TOP OF THE 7TH
University of Georgia Bulldogs batting - Pitching for University of Nebraska Cornhuskers : RHP Adam McBride
Batting: RHB Juan Gallegos 0-0: Ball
1-0: SOLO HOME RUN (Flyball, 7D, EV 97.5 MPH), Distance : 397 ft
Batting: SHB Javy Franco 0-0: Ball
1-0: Ball
2-0: Called Strike
2-1: Foul Ball, location: 2F
2-2: Foul Ball, location: 2F
2-2: Ball
3-2: Foul Ball, location: 2F
3-2: Foul Ball, location: 2F
3-2: Strikes out looking
Batting: RHB Minoru Matsumoto 0-0: Ball
1-0: Ball
2-0: Ground out 6-3 (Groundball, 6S, EV 91.3 MPH)
Batting: RHB Tsugio Yamaguchi 0-0: Ball
1-0: Fly out, F7 (Line Drive, 7, EV 96.3 MPH)
Top of the 7th over - 1 run, 1 hit, 0 errors, 0 left on base; University of Georgia 5 - University of Nebraska 5
BOTTOM OF THE 7TH
University of Nebraska Cornhuskers batting - Pitching for University of Georgia Bulldogs : LHP Viet Phang
Batting: RHB Juan Ordonez 0-0: Ball
1-0: SOLO HOME RUN (Flyball, 78XD, EV 106.3 MPH), Distance : 409 ft
Batting: LHB Duda Pinho 0-0: SINGLE (Flyball, 89S, EV 92.5 MPH)
Batting: RHB Kekoa Kahele 0-0: Called Strike
Duda Pinho steals 2nd base
0-1: Swinging Strike
0-2: Ball
1-2: Ball
2-2: SINGLE (Groundball, 34D, EV 103.8 MPH)
Duda Pinho to third
Throwing error, E9
Duda Pinho scores
Kekoa Kahele to second
Batting: SHB Karl Starnes 0-0: Ball
1-0: Ball
Wild Pitch!
Kekoa Kahele to third
2-0: SINGLE (Flyball, 9LS, EV 89.4 MPH)
Kekoa Kahele scores
Pitching: RHP Randy Kline
Batting: RHB Doug Thornsberry 0-0: Fielders Choice at 2nd, 4-6 (Groundball, 34, EV 94.4 MPH)
Batting: SHB Jim Lloyd 0-0: Ball
Doug Thornsberry steals 2nd base
1-0: Ball
2-0: Swinging Strike
2-1: Called Strike
2-2: Ball
3-2: Foul Ball, location: 2F
3-2: Foul Ball, location: 2F
3-2: Strikes out swinging
Batting: RHB Nate Henderson 0-0: Swinging Strike
0-1: Ball
1-1: Ball
2-1: Foul Ball, location: 2F
2-2: Ball
3-2: Foul Ball, location: 2F
3-2: 2-RUN HOME RUN (Line Drive, 7LD, EV 91.9 MPH), Distance : 350 ft
Batting: RHB Alfredo Montero 0-0: Swinging Strike
0-1: Foul Ball, location: 2F
0-2: Ball
1-2: Ball
2-2: Foul Ball, location: 2F
2-2: Foul Ball, location: 2F
2-2: Foul Ball, location: 2F
2-2: Foul Ball, location: 2F
2-2: Ball
3-2: Strikes out swinging
Bottom of the 7th over - 5 runs, 5 hits, 1 error, 0 left on base; University of Georgia 5 - University of Nebraska 10
TOP OF THE 8TH
University of Georgia Bulldogs batting - Pitching for University of Nebraska Cornhuskers : RHP Adam McBride
Batting: SHB Jack Tierney 0-0: Called Strike
0-1: Swinging Strike
0-2: Ball
1-2: Foul Ball, location: 2F
1-2: Ball
2-2: Ball
3-2: SINGLE (Groundball, 56D, EV 98.8 MPH)
Pitching: LHP Jamie Corbin
Batting: RHB Mike Lassiter 0-0: Swinging Strike
0-1: Foul Ball, location: 2F
0-2: Ball
1-2: DOUBLE (Line Drive, 89D, EV 102.5 MPH)
Jack Tierney to third
Batting: RHB Janne Vihko 0-0: Ground out 6-3 (Groundball, 6M, EV 80.0 MPH)
Jack Tierney scores
Mike Lassiter to third
Pinch Hitting: RHB Ivan Barrientos 0-0: Ball
1-0: Called Strike
1-1: Ball
2-1: Swinging Strike
2-2: Ground out 1-3 (Groundball, 13S, EV 70.6 MPH)
Batting: RHB Jeff Floyd 0-0: Fly out, F8 (Flyball, 89D, EV 103.8 MPH)
Top of the 8th over - 1 run, 2 hits, 0 errors, 1 left on base; University of Georgia 6 - University of Nebraska 10
BOTTOM OF THE 8TH
University of Nebraska Cornhuskers batting - Pitching for University of Georgia Bulldogs : RHP Randy Kline
Now in RF: Ivan Barrientos
Batting: RHB Mohammed bin Ubaida 0-0: Ball
1-0: Swinging Strike
1-1: Foul Ball, location: 2F
1-2: Strikes out swinging
Batting: RHB Juan Ordonez 0-0: Reached on error, E5 (Groundball, 56S, EV 75.6 MPH)
Batting: LHB Duda Pinho 0-0: Called Strike
Juan Ordonez steals 2nd base (no throw)
0-1: Swinging Strike
0-2: Strikes out swinging
Batting: RHB Kekoa Kahele 0-0: Called Strike
0-1: Swinging Strike
0-2: Fly out, F9 (Flyball, 8RM, EV 90.6 MPH)
Bottom of the 8th over - 0 runs, 0 hits, 1 error, 1 left on base; University of Georgia 6 - University of Nebraska 10
TOP OF THE 9TH
University of Georgia Bulldogs batting - Pitching for University of Nebraska Cornhuskers : LHP Jamie Corbin
Batting: RHB Juan Gallegos 0-0: Ball
1-0: Called Strike
1-1: Swinging Strike
1-2: Fly out, F8 (Flyball, 8LXD, EV 107.5 MPH)
Batting: SHB Javy Franco 0-0: Ball
1-0: Ground out 6-3 (Groundball, 4M, EV 91.3 MPH)
Batting: RHB Minoru Matsumoto 0-0: SINGLE (Line Drive, 78S, EV 98.8 MPH)
Pinch Hitting: LHB Paul McCool 0-0: Ball
1-0: Foul Ball, location: 2F
1-1: Ball
2-1: SINGLE (Groundball, 56D, EV 103.8 MPH)
Minoru Matsumoto to second
Pitching: RHP Davon Ware
Batting: SHB Jack Tierney 0-0: Ball
1-0: Swinging Strike
1-1: Ball
2-1: Fielders Choice at 2nd, 6-4 (Groundball, 6, EV 88.8 MPH)
Top of the 9th over - 0 runs, 2 hits, 0 errors, 2 left on base; University of Georgia 6 - University of Nebraska 10
Thursday, March 31st , 2022 - OOTP Baseball 22.12 Build 89